 Dungeon Crawl Stone Soup version 0.31-a0-986-g5e6e4ef867 (webtiles) character file.

Game seed: 2302317786467062886

46 BadtimePacifist the Cutter (level 3, -1/22 HPs)
             Began as a Gargoyle Gladiator on Nov 9, 2023.
             Was a High Priest of Ignis.
             Slain by a worm (8 damage)
             ... on level 3 of the Dungeon.
             The game lasted 00:04:41 (1783 turns).

BadtimePacifist the Cutter (Gargoyle Gladiator)     Turns: 1783, Time: 00:04:42

Health: -1/22      AC:  7    Str: 17    XL:     3   Next: 66%
Magic:  3/3        EV: 12    Int: 10    God:    Ignis [*****.]
Gold:   108        SH:  0    Dex: 11    Spells: 3/3 levels left

rFire   + . .        a - +0 rapier
rCold   . . .        (no shield)
rNeg    + . .        b - +0 leather armour
rPois   ∞            c - +0 helmet
rElec   +            (no cloak)
rCorr   .            (no gloves)
SInv    .            (no boots)
Will    .....        (no amulet)
Stlth   +            (no ring)
HPRegen 0.23/turn    (no ring)
MPRegen 0.08/turn

%: no passive effects
@: no status effects
A: sickness immunity, AC +3, negative energy resistance 1, electricity
resistance, torment resistance 1, petrification resistance
a: Renounce Religion, Fiery Armour, Foxfire Swarm, Rising Flame


You were on level 3 of the Dungeon.
You worshipped Ignis.
Ignis was extremely pleased with you.
You visited 1 branch of the dungeon, and saw 3 of its levels.

You collected 108 gold pieces.

Inventory:

Hand Weapons
 a - a +0 rapier (weapon)
Missiles
 d - 3 throwing nets (quivered)
 e - a javelin
Armour
 b - a +0 leather armour (worn)
 c - a +0 helmet (worn)
Wands
 o - a wand of light (11)
Scrolls
 f - a scroll of blinking {unknown}
 h - 2 scrolls of revelation {unknown}
 j - a scroll of teleportation {unknown}
 k - a scroll of enchant weapon {unknown}
 l - a scroll of noise {unknown}
Potions
 g - a potion of degeneration {unknown}
 i - 2 potions of attraction {unknown}
 m - a potion of curing {unknown}
 n - a potion of resistance {unknown}
 p - a potion of enlightenment {unknown}


   Skills:
 * Level 2.7 Fighting
 * Level 3.2 Short Blades
 * Level 0.4(2.0) Long Blades
 * Level 2.0 Throwing
 + Level 0.2 Armour
 + Level 2.6 Dodging
 * Level 0.2 Stealth
 * Level 0.1 Unarmed Combat
 * Level 0.5 Spellcasting


You had 3 spell levels left.
You didn't know any spells.
Your spell library was empty.

Dungeon Overview and Level Annotations

Branches:
Dungeon (3/15)

Altars:
Ignis


Innate Abilities, Weirdness & Mutations

You are immune to sickness and miasma.
Your stone body is resilient. (AC +3)
You are immune to poison.
You resist negative energy. (rN+)
You are resistant to electric shocks. (rElec)
You are resistant to unholy torment.
You are immune to petrification.


Message History

There is an open door here.
Done exploring.
Done exploring.
Done exploring.
Done exploring.
Done exploring.
There is a stone staircase leading down here.
Things that are here:
a +0 dagger; a goblin corpse You climb downwards.
Found a club and 6 stones.
There is a stone staircase leading up here.
A frilled lizard is nearby!
A worm comes into view.
You see here a +0 club.
You closely miss the frilled lizard. The frilled lizard misses you.
You hit the frilled lizard.
You kill the frilled lizard!
You see here a frilled lizard corpse.
A worm comes into view.
You hit the worm.
The worm is lightly wounded.
The worm barely misses you.
You barely miss the worm.
The worm is lightly wounded.
The worm misses you.
You hit the worm.
The worm is moderately wounded.
You hit the worm.
The worm is heavily wounded.
The worm bites you!
You hit the worm but do no damage.
The worm is heavily wounded.
You hit the worm but do no damage.
The worm is heavily wounded.
The worm bites you!
You barely miss the worm.
The worm is heavily wounded.
The worm bites you but does no damage. The worm bites you!
You die...

#. # #. ..
.####.##### ###.#
...(..#...###....
##.........#w.#####
........)†.@w......
#...........######.
.......<....#
##..........#
##........##
......##..## .#####
...# ..... ####


You could see 2 worms.

Vanquished Creatures
  An adder (D:2)
  2 dart slugs (D:2)
  2 ball pythons (D:1)
  2 endoplasms
  A giant cockroach (D:2)
  5 goblins
  3 hobgoblins
  3 jackals (D:1)
  A kobold (D:1)
  3 quokkas
  4 bats
  A frilled lizard (D:3)
28 creatures vanquished.

Notes
Turn   | Place    | Note
-------+----------+-------------------------------------------
     0 | D:1      | BadtimePacifist the Gargoyle Gladiator began the quest for
                  | the Orb.
     0 | D:1      | Reached XP level 1. HP: 12/12 MP: 1/1
   185 | D:1      | Reached XP level 2. HP: 15/18 MP: 2/2
   227 | D:1      | Reached skill level 3 in Short Blades
   813 | D:2      | Found a faded altar of an unknown god.
   822 | D:2      | Prayed at the altar of an unknown god.
   822 | D:2      | Became a worshipper of Ignis, the Dying Flame
  1064 | D:2      | Reached XP level 3. HP: 17/22 MP: 3/3
  1783 | D:3      | Slain by a worm

Illustrated notes

Levels and vault maps discovered:
D:1:      lightli_arrival_farm, layout_loops_ring, minmay_misc_feat_tower
D:2:      layout_basic, nicolae_ecumenical_pavilion
D:3:      kennysheep_goblin_castle, layout_rooms, uniq_grinder

Skill      XL: |  1  2  3 |
---------------+----------+-----
Short Blades   | 3 |  3.2
Throwing       | 2 |  2.0
Fighting       | |  2.7
Long Blades    | |  0.4
Armour         | |  0.2
Dodging        | |  2.6
Stealth        | |  0.2
Unarmed Combat | |  0.1
Spellcasting   | |  0.5

Action                     || total
---------------------------++-------
  Melee: Rapier            ||   125
 Armour: Leather armour    ||   114
  Dodge: Dodged            ||   121

Table legend: (Time is in decaauts)
 A = Elapsed time spent in this place.
 B = Non-inter-level travel time spent in this place.
 C = Inter-level travel time spent in this place.
 D = Time resting spent in this place.
 E = Time spent auto-exploring this place.
 F = Levels seen in this place.
 G = Mean time per level.
                   A        B        C        D        E       F      G
               +--------+--------+--------+--------+--------+-----+--------+
         Total |   1812 |   1812 |      0 |      0 |   1210 |   3 |  604.0 |
       Dungeon |   1812 |   1812 |      0 |      0 |   1210 |   3 |  604.0 |
               +--------+--------+--------+--------+--------+-----+--------+

Top non-repeatable levels by time:
     D:2: 957 daAuts
     D:1: 840 daAuts
     D:3: 15 daAuts
